VOD

https://www.youtube.com/watch?v=kJFiH5oodUY

Build Order

Get SALT Encoding   

  14  0:17  Supply Depot  
  15  0:28  Refinery  
  16  0:45  Barracks  
  19  1:32  Barracks Reactor  
  19  1:33  Orbital Command  
  19  1:43  Command Center  
  19  1:52  Factory  
  20  2:05  Supply Depot  
  20  2:10  Marine x2  Constant Marine production
  23  2:18  Refinery  
  26  2:38  Starport  
  26  2:40  Factory Tech Lab  
  30  3:00  Orbital Command  
  30  3:10  Siege Tank  Constant Siege Tank production
  38  3:30  Liberator  
  42  3:39  Supply Depot  Constant (1) Depot production
  54  4:20  Barracks x2  
  54  4:22  Starport Reactor  
  55  4:25  Refinery x2  
  68  5:13  Barracks Tech Lab x2  
  68  5:15  Barracks x2  
  68  5:18  Engineering Bay  
  74  5:30  Stimpack, Combat Shield  
  76  5:40  SCV  Stop Making SCV
  81  5:50  Supply Depot x2  Constant (2) Depot Production
  88  6:00  Terran Infantry Armor Level 1  
  88  6:05  Barracks Reactor x2  
  116  7:00  Command Center  Make 3rd & Move Out
Spawning Tool Build Advisor. Get it on Overwolf

Analysis

Constant SCV production Constant Marine Production after reactor of 1st Rax finishes After 1st Siege Tank, make 1 Liberator. After that constant tank production. After At 10 SCV mining from natural, add 2 more Rax, and 2 more Gas After Reactor Starport finishes, make a mix of medivacs and liberators Before moving out, at ~7:00 - 116 supply, make 3rd CC

Go to:

Details

  • Created by: Paturuzu
  • Published on: Feb 26, 2019
  • Modified on: Feb 26, 2019
  • Patch: 4.7.1
Show
View Real Time Build Order
Export as new Build Order

Comments (2)

On Sept. 11, 2019, 5:34 a.m., MaXGrig  said:

I think about this build isn't good for TvT, because of too many players make a reaper, while we make a reactor, we can get an attack on our base and lose 2-3 SCV, and this is will be very bad beginning of the game. But this is a very good All-in for TvP and TvZ is much better than many builds on "Spawning Tool".

On April 24, 2019, 4:35 a.m., Deadpool  said:

Thank You

Create an account to comment!